| TOP OF THE 1ST |
|
Batavia Muckdogs batting - Pitching for Boise Hawks : RHP Tsuneyoshi Kubo
|
|
Pitching: RHP Tsuneyoshi Kubo
|
|
|
Batting: LHB Orlando Rivera
|
0-0: Ball 1-0: Called Strike 1-1: Hit by Pitch
|
|
Batting: RHB Justin Dunham
|
0-0: Called Strike Orlando Rivera is caught stealing 2nd base 2-4 0-1: Foul Ball, location: 2F 0-2: Strikes out swinging
|
|
Batting: RHB Manuel Taveras
|
0-0: Ball 1-0: Called Strike 1-1: Foul Ball, location: 2F 1-2: Ball 2-2: Strikes out swinging
|
| Top of the 1st over - 0 runs, 0 hits, 0 errors, 0 left on base; Batavia 0 - Boise 0 |
| BOTTOM OF THE 1ST |
|
Boise Hawks batting - Pitching for Batavia Muckdogs : RHP Wei-guo Tsu
|
|
Pitching: RHP Wei-guo Tsu
|
|
|
Batting: RHB Elias Urbina
|
0-0: Ball 1-0: Foul Ball, location: 2F 1-1: Ball 2-1: Called Strike 2-2: Foul Ball, location: 2F 2-2: Ball 3-2: Strikes out swinging, 2-3 out at first.
|
|
Batting: LHB Eric Zacher
|
0-0: SINGLE (Groundball, 34D, EV 95.0 MPH)
|
|
Batting: LHB Jeremy Brammer
|
0-0: Ball 1-0: Swinging Strike 1-1: Ball 2-1: Called Strike 2-2: Foul Ball, location: 2F 2-2: Ball 3-2: Fly out, F4 (Popup, 3D, EV 76.2 MPH)
|
|
Batting: LHB Michael Krott
|
0-0: Called Strike 0-1: Swinging Strike 0-2: Strikes out swinging
|
| Bottom of the 1st over - 0 runs, 1 hit, 0 errors, 1 left on base; Batavia 0 - Boise 0 |
| TOP OF THE 2ND |
|
Batavia Muckdogs batting - Pitching for Boise Hawks : RHP Tsuneyoshi Kubo
|
|
Batting: SHB Matt Moore
|
0-0: Foul Ball, location: 2F 0-1: Swinging Strike 0-2: Ball 1-2: Ball 2-2: Foul Ball, location: 2F 2-2: Strikes out swinging
|
|
Batting: SHB Justin Corbett
|
0-0: Ball 1-0: Called Strike 1-1: Called Strike 1-2: Ball 2-2: Strikes out looking
|
|
Batting: RHB Axel Moltke
|
0-0: Foul Ball, location: 2F 0-1: Foul Ball, location: 2F 0-2: Strikes out swinging, 2-3 out at first.
|
| Top of the 2nd over - 0 runs, 0 hits, 0 errors, 0 left on base; Batavia 0 - Boise 0 |
| BOTTOM OF THE 2ND |
|
Boise Hawks batting - Pitching for Batavia Muckdogs : RHP Wei-guo Tsu
|
|
Batting: RHB Tyler Stebbins
|
0-0: Ball 1-0: Ball 2-0: Called Strike 2-1: Foul Ball, location: 2F 2-2: Ground out U3 (Groundball, 34S, EV 85.0 MPH)
|
|
Batting: RHB Josh Martin
|
0-0: Ball 1-0: Ball 2-0: Ball 3-0: Called Strike 3-1: Base on Balls
|
|
Batting: SHB Jamie Locke
|
0-0: Ball 1-0: SINGLE (Line Drive, 6D, EV 101.9 MPH) Josh Martin to second
|
|
Batting: RHB Kevin McKasson
|
0-0: Foul Ball, location: 2F 0-1: Ball 1-1: Ball 2-1: Fielders Choice at 2nd, 6-4 (Groundball, 6, EV 83.1 MPH) Josh Martin to third
|
|
Batting: RHB Haykuhi Kagramanian
|
0-0: Called Strike 0-1: Called Strike 0-2: Ball 1-2: Ground out 4-3 (Groundball, 34, EV 85.0 MPH)
|
| Bottom of the 2nd over - 0 runs, 1 hit, 0 errors, 2 left on base; Batavia 0 - Boise 0 |
| TOP OF THE 3RD |
|
Batavia Muckdogs batting - Pitching for Boise Hawks : RHP Tsuneyoshi Kubo
|
|
Batting: RHB Orlando Melendres
|
0-0: Ball 1-0: Ground out 4-3 (Groundball, 4, EV 97.5 MPH)
|
|
Batting: RHB Bob Raine
|
0-0: Ball 1-0: Called Strike 1-1: Ground out 5-3 (Groundball, 56S, EV 91.9 MPH)
|
|
Batting: RHB Torquato Uso
|
0-0: Foul Ball, location: 2F 0-1: Swinging Strike 0-2: Ball 1-2: Strikes out swinging
|
| Top of the 3rd over - 0 runs, 0 hits, 0 errors, 0 left on base; Batavia 0 - Boise 0 |
| BOTTOM OF THE 3RD |
|
Boise Hawks batting - Pitching for Batavia Muckdogs : RHP Wei-guo Tsu
|
|
Batting: RHB Elias Urbina
|
0-0: Swinging Strike 0-1: Foul Ball, location: 2F 0-2: Strikes out swinging
|
|
Batting: LHB Eric Zacher
|
0-0: Ground out 1-3 (Groundball, 23, EV 70.6 MPH)
|
|
Batting: LHB Jeremy Brammer
|
0-0: Called Strike 0-1: Ball 1-1: Ball 2-1: Ball 3-1: Foul Ball, location: 2F 3-2: Foul Ball, location: 2F 3-2: Base on Balls
|
|
Batting: LHB Michael Krott
|
0-0: Called Strike Jeremy Brammer steals 2nd, throwing error, E2 Jeremy Brammer to third 0-1: Ball 1-1: Foul Ball, location: 2F 1-2: Ground out 6-3 (Groundball, 6, EV 103.1 MPH)
|
| Bottom of the 3rd over - 0 runs, 0 hits, 1 error, 1 left on base; Batavia 0 - Boise 0 |
| TOP OF THE 4TH |
|
Batavia Muckdogs batting - Pitching for Boise Hawks : RHP Tsuneyoshi Kubo
|
|
Batting: LHB Orlando Rivera
|
0-0: Ground out 1-3 (Groundball, P, EV 70.0 MPH)
|
|
Batting: RHB Justin Dunham
|
0-0: Ball 1-0: Swinging Strike 1-1: SINGLE (Groundball, 56D, EV 108.8 MPH)
|
|
Batting: RHB Manuel Taveras
|
0-0: Ball 1-0: Ball 2-0: Called Strike Justin Dunham steals 2nd base 2-1: Ball 3-1: Called Strike 3-2: Base on Balls
|
|
Batting: SHB Matt Moore
|
0-0: Called Strike 0-1: Ball 1-1: Ball 2-1: Ball 3-1: Base on Balls Justin Dunham to third Manuel Taveras to second
|
|
Batting: SHB Justin Corbett
|
0-0: Ball 1-0: DOUBLE (Line Drive, 78D, EV 103.8 MPH) Justin Dunham scores Manuel Taveras scores Matt Moore to third
|
|
Batting: RHB Axel Moltke
|
0-0: Called Strike 0-1: Swinging Strike 0-2: Ball 1-2: Ball 2-2: Ball 3-2: Strikes out swinging
|
|
Batting: RHB Orlando Melendres
|
0-0: Ball Wild Pitch! Matt Moore scores Justin Corbett to third 1-0: Ball Balk! Justin Corbett scores 2-0: Foul Ball, location: 2F 2-1: TRIPLE (Flyball, 89XD, EV 90.0 MPH)
|
|
Batting: RHB Bob Raine
|
0-0: Ball 1-0: Ball 2-0: Called Strike 2-1: Swinging Strike 2-2: Foul Ball, location: 2F 2-2: Ground out 5-3 (Groundball, 56, EV 88.1 MPH)
|
| Top of the 4th over - 4 runs, 3 hits, 0 errors, 1 left on base; Batavia 4 - Boise 0 |
| BOTTOM OF THE 4TH |
|
Boise Hawks batting - Pitching for Batavia Muckdogs : RHP Wei-guo Tsu
|
|
Batting: RHB Tyler Stebbins
|
0-0: Ball 1-0: Foul Ball, location: 2F 1-1: Foul Ball, location: 2F 1-2: Fly out, F7 (Line Drive, 7, EV 94.4 MPH)
|
|
Batting: RHB Josh Martin
|
0-0: Ball 1-0: Ball 2-0: Called Strike 2-1: Ball 3-1: Foul Ball, location: 2F 3-2: Ground out 5-3 (Groundball, 56S, EV 79.4 MPH)
|
|
Batting: SHB Jamie Locke
|
0-0: Called Strike 0-1: Swinging Strike 0-2: Ball 1-2: Fly out, F9 (Flyball, 9LS, EV 86.9 MPH)
|
| Bottom of the 4th over - 0 runs, 0 hits, 0 errors, 0 left on base; Batavia 4 - Boise 0 |
| TOP OF THE 5TH |
|
Batavia Muckdogs batting - Pitching for Boise Hawks : RHP Tsuneyoshi Kubo
|
|
Batting: RHB Torquato Uso
|
0-0: Ball 1-0: Called Strike 1-1: SINGLE (Line Drive, 8RS, EV 113.8 MPH)
|
|
Batting: LHB Orlando Rivera
|
Pickoff Play to 1st, Runner tries for 2nd, OUT after rundown. 0-0: Called Strike 0-1: Swinging Strike 0-2: SINGLE (Groundball, 4D, EV 101.2 MPH)
|
|
Batting: RHB Justin Dunham
|
0-0: Ball Orlando Rivera steals 2nd base 1-0: Ground out 1-3 (Groundball, 13, EV 61.2 MPH) Orlando Rivera to third
|
|
Pitching: RHP Josh Blaschke
|
|
|
Batting: RHB Manuel Taveras
|
0-0: Swinging Strike 0-1: Ball 1-1: Foul Ball, location: 2F 1-2: Ball 2-2: Ball 3-2: Strikes out swinging
|
| Top of the 5th over - 0 runs, 2 hits, 0 errors, 1 left on base; Batavia 4 - Boise 0 |
| BOTTOM OF THE 5TH |
|
Boise Hawks batting - Pitching for Batavia Muckdogs : RHP Wei-guo Tsu
|
|
Batting: RHB Kevin McKasson
|
0-0: Foul Ball, location: 2F 0-1: Ball 1-1: Foul Ball, location: 2F 1-2: Foul Ball, location: 2F 1-2: Fly out, F8 (Flyball, 8RD, EV 98.1 MPH)
|
|
Batting: RHB Haykuhi Kagramanian
|
0-0: Foul Ball, location: 2F 0-1: Foul Ball, location: 2F 0-2: Foul Ball, location: 2F 0-2: Ball 1-2: Fly out, F8 (Flyball, 8RXD, EV 100.6 MPH)
|
|
Batting: RHB Elias Urbina
|
0-0: Ball 1-0: Foul Ball, location: 2F 1-1: Foul Ball, location: 2F 1-2: Ground out U3 (Groundball, 3, EV 98.1 MPH)
|
| Bottom of the 5th over - 0 runs, 0 hits, 0 errors, 0 left on base; Batavia 4 - Boise 0 |
| TOP OF THE 6TH |
|
Batavia Muckdogs batting - Pitching for Boise Hawks : RHP Josh Blaschke
|
|
Batting: SHB Matt Moore
|
0-0: Ball 1-0: Ground out 5-3 (Groundball, 56, EV 78.1 MPH)
|
|
Batting: SHB Justin Corbett
|
0-0: Foul Ball, location: 2F 0-1: Hit by Pitch
|
|
Batting: RHB Axel Moltke
|
0-0: Fielders Choice at 2nd, 5-4 (Groundball, 56, EV 84.4 MPH)
|
|
Batting: RHB Orlando Melendres
|
0-0: Ball 1-0: Called Strike 1-1: SINGLE (Flyball, 8RS, EV 91.2 MPH) Axel Moltke to second
|
|
Batting: RHB Bob Raine
|
0-0: Ball 1-0: Fly out, F8 (Flyball, 8RS, EV 85.6 MPH)
|
| Top of the 6th over - 0 runs, 1 hit, 0 errors, 2 left on base; Batavia 4 - Boise 0 |
| BOTTOM OF THE 6TH |
|
Boise Hawks batting - Pitching for Batavia Muckdogs : RHP Wei-guo Tsu
|
|
Batting: LHB Eric Zacher
|
0-0: SINGLE (Groundball, 6MS, EV 68.1 MPH) (infield hit)
|
|
Batting: LHB Jeremy Brammer
|
0-0: Fly out, F8 (Flyball, 8LXD, EV 99.4 MPH)
|
|
Batting: LHB Michael Krott
|
0-0: Ball 1-0: Grounds into double play, 4-6-3 (Groundball, 4, EV 112.5 MPH)
|
| Bottom of the 6th over - 0 runs, 1 hit, 0 errors, 0 left on base; Batavia 4 - Boise 0 |
| TOP OF THE 7TH |
|
Batavia Muckdogs batting - Pitching for Boise Hawks : RHP Josh Blaschke
|
|
Batting: RHB Torquato Uso
|
0-0: Ball 1-0: Ground out 1-3 (Groundball, 34S, EV 73.1 MPH)
|
|
Batting: LHB Orlando Rivera
|
0-0: Called Strike 0-1: Ball 1-1: Ball 2-1: Foul Ball, location: 2F 2-2: Ball 3-2: Foul Ball, location: 2F 3-2: Foul Ball, location: 2F 3-2: Base on Balls
|
|
Batting: RHB Justin Dunham
|
0-0: Ball 1-0: Ball 2-0: Ball 3-0: Called Strike 3-1: Grounds into double play, 6-4-3 (Groundball, 6, EV 108.1 MPH)
|
| Top of the 7th over - 0 runs, 0 hits, 0 errors, 0 left on base; Batavia 4 - Boise 0 |
| BOTTOM OF THE 7TH |
|
Boise Hawks batting - Pitching for Batavia Muckdogs : RHP Wei-guo Tsu
|
|
Batting: RHB Tyler Stebbins
|
0-0: Ball 1-0: Ball 2-0: Ball 3-0: Base on Balls
|
|
Batting: RHB Josh Martin
|
0-0: Fly out, F9 (Line Drive, 9S, EV 106.9 MPH)
|
|
Batting: SHB Jamie Locke
|
0-0: Foul Ball, location: 2F 0-1: Ball 1-1: TRIPLE (Flyball, 89XD, EV 103.8 MPH) Tyler Stebbins scores
|
|
Batting: RHB Kevin McKasson
|
0-0: Ball 1-0: Called Strike 1-1: Swinging Strike 1-2: Ball 2-2: Ground out 4-3 (Groundball, 4S, EV 85.6 MPH) Jamie Locke scores
|
|
Batting: RHB Haykuhi Kagramanian
|
0-0: Foul Ball, location: 2F 0-1: Ball 1-1: Ball 2-1: Ball 3-1: Swinging Strike 3-2: Base on Balls
|
|
Pitching: RHP Matt Alexander
|
|
|
Batting: RHB Elias Urbina
|
0-0: Ground out U3 (Groundball, 3L, EV 84.4 MPH)
|
| Bottom of the 7th over - 2 runs, 1 hit, 0 errors, 1 left on base; Batavia 4 - Boise 2 |
| TOP OF THE 8TH |
|
Batavia Muckdogs batting - Pitching for Boise Hawks : RHP Josh Blaschke
|
|
Batting: RHB Manuel Taveras
|
0-0: Called Strike 0-1: Called Strike 0-2: Hit by Pitch
|
|
Pitching: RHP Davon Ware
|
|
|
Batting: SHB Matt Moore
|
0-0: Ball 1-0: Ball 2-0: Ball 3-0: Called Strike 3-1: Fly out, F7 (Flyball, 7LS, EV 90.6 MPH)
|
|
Batting: SHB Justin Corbett
|
Pickoff Throw to First - Out! 1-3 0-0: Ball 1-0: Ball 2-0: Ground out 6-3 (Groundball, 4M, EV 89.4 MPH)
|
| Top of the 8th over - 0 runs, 0 hits, 0 errors, 0 left on base; Batavia 4 - Boise 2 |
| BOTTOM OF THE 8TH |
|
Boise Hawks batting - Pitching for Batavia Muckdogs : RHP Matt Alexander
|
|
Batting: LHB Eric Zacher
|
0-0: Ball 1-0: Ball 2-0: Ball 3-0: Called Strike 3-1: Base on Balls
|
|
Batting: LHB Jeremy Brammer
|
0-0: Called Strike 0-1: Foul Ball, location: 2F 0-2: Strikes out looking
|
|
Batting: LHB Michael Krott
|
0-0: Foul Ball, location: 2F 0-1: Hit by Pitch Eric Zacher to second
|
|
Pinch Hitting: SHB Morgan Batson
|
0-0: Ball 1-0: Swinging Strike 1-1: Swinging Strike 1-2: Ball 2-2: Ball 3-2: Foul Ball, location: 2F 3-2: Strikes out looking
|
|
Pitching: RHP Marco Quezada
|
|
|
Batting: RHB Josh Martin
|
0-0: Called Strike 0-1: Foul Ball, location: 2F 0-2: Ball 1-2: Ball 2-2: Foul Ball, location: 2F 2-2: Ball 3-2: Foul Ball, location: 2F 3-2: Base on Balls Eric Zacher to third Michael Krott to second
|
|
Batting: SHB Jamie Locke
|
0-0: Foul Ball, location: 2F 0-1: Ball 1-1: Foul Ball, location: 2F 1-2: Ball 2-2: Ball 3-2: Foul Ball, location: 2F 3-2: Base on Balls Eric Zacher scores Michael Krott to third Josh Martin to second
|
|
Batting: RHB Kevin McKasson
|
0-0: Called Strike 0-1: Ball 1-1: Ball 2-1: Called Strike 2-2: Ball 3-2: Base on Balls Michael Krott scores Josh Martin to third Jamie Locke to second
|
|
Pinch Hitting: LHB Joe Miller
|
0-0: Swinging Strike 0-1: Ball 1-1: Foul Ball, location: 2F 1-2: Ball Passed Ball! Josh Martin scores Jamie Locke to third Kevin McKasson to second 2-2: Ball 3-2: Base on Balls
|
|
Batting: RHB Elias Urbina
|
0-0: Ball 1-0: SINGLE (Groundball, 6MD, EV 103.8 MPH) Jamie Locke scores Kevin McKasson to third Joe Miller to second Runner from 3rd tries for Home, SAFE, throw by CF to home
|
|
Batting: LHB Eric Zacher
|
0-0: Ball 1-0: Ball 2-0: Ball 3-0: Called Strike 3-1: Base on Balls Joe Miller to third Elias Urbina to second
|
|
Batting: LHB Jeremy Brammer
|
0-0: Ball 1-0: Ball 2-0: Ground out 4-3 (Groundball, 34D, EV 102.5 MPH)
|
| Bottom of the 8th over - 5 runs, 1 hit, 0 errors, 3 left on base; Batavia 4 - Boise 7 |
| TOP OF THE 9TH |
|
Batavia Muckdogs batting - Pitching for Boise Hawks : RHP Davon Ware
|
|
Pitching: RHP Jim Micaletti
|
|
|
Now at 1B: Brent Moody
|
|
|
Now at 3B: Morgan Batson
|
|
|
Batting: RHB Axel Moltke
|
0-0: Swinging Strike 0-1: Foul Ball, location: 2F 0-2: Ground out 6-3 (Groundball, 6, EV 105.6 MPH)
|
|
Batting: LHB Nick Ramsdell
|
0-0: Ball 1-0: SINGLE (Line Drive, 9S, EV 91.9 MPH)
|
|
Batting: RHB Bob Raine
|
0-0: Ball Wild Pitch! Nick Ramsdell to second 1-0: Foul Ball, location: 2F 1-1: Hit by Pitch
|
|
Pinch Hitting: LHB Matt McKeon
|
0-0: Ball 1-0: Foul Ball, location: 2F 1-1: Foul Ball, location: 2F 1-2: Ball 2-2: Strikes out swinging
|
|
Batting: LHB Orlando Rivera
|
0-0: Called Strike 0-1: Called Strike 0-2: Foul Ball, location: 2F 0-2: Ball 1-2: Ball 2-2: Strikes out looking
|
| Top of the 9th over - 0 runs, 1 hit, 0 errors, 2 left on base; Batavia 4 - Boise 7 |
|